AoeStats
← Chris

Black Forest

507864982Analyzed
4v4 RM · 12d ago on Sep 20, 2026· 46m 3s· 8 players
Game mode
Random Map
Map size
Large (8 player)
Population
200
Speed
Normal
Resources
Standard
Victory
Conquest
Starting age
Dark Age
Ending age
Imperial Age
RankedLock teamsTeams togetherTeam positionsShared explorationLock speedFull tech treeHidden civsTurbo modeCheats
Victory
Defeat
🇦🇷 Aztecs · Argentina
1305
+18
🇺🇸 Mongols · United States
1290
+19
🇫🇷 Ethiopians · France
1268
+20
🇦🇺 Khmer · Australia
1214
+22
🇸🇪 Italians · Sweden
1511
-25
🇸🇪 Saracens · Sweden
1462
-24
🇸🇪 Burmese · Sweden
1382
-21
🇸🇪 Franks · Sweden
1064
-9
Chris
2:13 Loom
14:21 Feudal Age
14:24 Man-at-Arms
14:46 Horse Collar
14:54 Double-Bit Axe
20:55 Wheelbarrow
20:06 Town Watch
20:47 Arson
21:16 Scale Mail Armor
31:14 Castle Age
32:14 Bow Saw
31:55 Stone Mining
32:06 Heavy Plow
32:47 Hand Cart
42:21 Gold Mining
45:19 Imperial Age
43:09 Masonry
44:37 Bloodlines
44:27 Husbandry
44:51 Fletching
45:02 Padded Archer Armor
45:24 Ballistics
45:47 Bodkin Arrow
46:23 Conscription
Alicat
6:31 Loom
12:29 Feudal Age
15:24 Castle Age
13:20 Double-Bit Axe
13:38 Horse Collar
16:35 Bow Saw
16:26 Heavy Plow
17:15 Gold Mining
28:54 Gold Shaft Mining
28:12 Stone Mining
29:46 Wheelbarrow
33:06 Imperial Age
31:39 Hand Cart
31:09 Town Watch
31:38 Bloodlines
31:29 Husbandry
32:41 Scale Barding Armor
32:47 Forging
32:55 Masonry
33:06 Ballistics
33:31 Coinage
33:47 Chain Barding Armor
33:38 Forging
34:11 Conscription
33:19 Onager
33:46 Elite Battle Elephant
36:58 Plate Barding Armor
37:39 Iron Casting
37:09 Devotion
38:19 Banking
39:34 Faith
40:57 Architecture
43:38 Siege Engineers
44:34 Chemistry
43:22 Heavy Scorpion
Psychedelonaut
10:01 Loom
12:19 Feudal Age
13:23 Double-Bit Axe
13:38 Horse Collar
16:15 Castle Age
16:45 Wheelbarrow
17:28 Heavy Plow
22:59 Ballistics
23:01 Fletching
23:12 Padded Archer Armor
23:51 Crossbowman
25:59 Bodkin Arrow
28:21 Leather Archer Armor
28:52 Thumb Ring
28:49 Town Watch
33:57 Imperial Age
34:18 Hand Cart
34:00 Arbalester
34:44 Bracer
35:14 Ring Archer Armor
35:46 Chemistry
34:52 Siege Engineers
36:00 Conscription
JosemaAlabama
1:21 Loom
13:28 Feudal Age
13:51 Man-at-Arms
20:27 Arson
21:32 Forging
26:13 Castle Age
26:29 Scale Mail Armor
26:22 Double-Bit Axe
26:18 Horse Collar
27:20 Eagle Warrior
28:30 Squires
29:09 Iron Casting
32:54 Heavy Plow
35:17 Chain Mail Armor
34:59 Gold Mining
37:33 Wheelbarrow
38:10 Bow Saw
38:20 Gambesons
40:44 Gold Shaft Mining
40:00 Stone Mining
45:58 Imperial Age
43:17 Town Watch
44:40 Fletching
45:15 Ballistics
45:33 Stone Shaft Mining
hurm0k [PT]
10:55 Feudal Age
9:55 Loom
13:12 Double-Bit Axe
16:09 Castle Age
27:37 Horse Collar
32:47 Imperial Age
33:05 Fletching
33:25 Elite Skirmisher
35:02 Wheelbarrow
36:18 Chemistry
36:02 Bow Saw
35:50 Treadmill Crane
37:28 Wheelbarrow
38:42 Masonry
39:14 Pirotechnia
40:21 Thumb Ring
40:50 Bodkin Arrow
41:31 Architecture
41:24 Conscription
42:35 Padded Archer Armor
43:05 Ballistics
43:39 Hoardings
N1ls
2:05 Loom
11:48 Feudal Age
13:12 Wheelbarrow
13:24 Double-Bit Axe
15:45 Castle Age
17:57 Horse Collar
18:39 Bow Saw
20:02 Fletching
20:18 Padded Archer Armor
20:40 Crossbowman
22:55 Gold Mining
25:19 Ballistics
26:29 Heavy Plow
27:15 Stone Mining
28:00 Bodkin Arrow
28:20 Leather Archer Armor
28:26 Leather Archer Armor
29:45 Gold Shaft Mining
29:19 Squires
29:06 Arson
32:27 Imperial Age
31:04 Scale Mail Armor
31:15 Forging
31:15 Scale Barding Armor
31:20 Forging
32:48 Chain Barding Armor
33:39 Conscription
32:40 Elite Mameluke
33:33 Treadmill Crane
34:11 Scale Mail Armor
34:47 Iron Casting
34:46 Hand Cart
36:08 Chain Mail Armor
36:38 Plate Barding Armor
42:22 Two-Man Saw
43:49 Blast Furnace
43:52 Chemistry
42:58 Siege Engineers
J.D.Rehn
1:52 Loom
22:00 Feudal Age
22:50 Double-Bit Axe
28:36 Fletching
32:46 Castle Age
Creweer
3:13 Loom
14:23 Feudal Age
18:49 Horse Collar
22:24 Castle Age
28:07 Redemption
29:20 Heavy Plow
30:53 Sanctity
34:11 Scale Barding Armor
34:29 Forging
42:48 Imperial Age
40:39 Light Cavalry
41:32 Bloodlines
42:33 Chain Barding Armor
44:16 Theocracy
43:16 Hussar
Connection lost

Rejoining the realm…

Still unreachable

The connection could not be restored.

Session expired

The server has moved on; the page needs a fresh start.